 Dungeon Crawl Stone Soup version 0.18-a0-845-gc59c8fa (webtiles) character file.

1174 Proton the Insei (level 8, -1/43 HPs)
             Began as a Vine Stalker Monk on Dec 20, 2015.
             Killed from afar by Azru's ghost (2 damage)
             ... with a magic dart
             ... on level 5 of the Dungeon.
             The game lasted 00:12:01 (3279 turns).

Proton the Insei (Vine Stalker Monk)                Turns: 3279, Time: 00:12:01

Health: -1/43      AC:  5    Str: 16    XL:     8   Next: 41%
Magic:  0/18       EV: 19    Int: 10    God:
Gold:   254        SH:  0    Dex: 25    Spells: 0 memorised, 7 levels left

rFire  x . .     SeeInvis +       - Unarmed
rCold  . . .     Gourm    .     r - +0 robe (curse)
rNeg   . . .     Faith    .     (no shield)
rPois  .         Spirit   +     (no helmet)
rElec  +         Dismiss  .     o - +1 cloak "Saof" {rElec rF- Dex+8 SInv}
rCorr  .         Reflect  .     s - +0 pair of gloves
SustAt .         Harm     .     (no boots)
MR     +....                    (no amulet)
Stlth  +++.......               j - ring of magical power
                                g - +3 ring of evasion

@: somewhat resistant to hostile enchantments, fairly stealthy
A: fangs 3, regeneration 2, magic shield, antimagic bite, no device heal 3, rot
immunity
a: no special abilities


You were on level 5 of the Dungeon.
You were not hungry.

You visited 1 branch of the dungeon, and saw 5 of its levels.

You collected 254 gold pieces.

Inventory:

Armour
 o - the +1 cloak "Saof" (worn) {rElec rF- Dex+8 SInv}
   (You found it on level 5 of the Dungeon)

   It affects your dexterity (+8).
   It makes you vulnerable to fire.
   It insulates you from electricity.
   It lets you see invisible.
 r - a cursed +0 robe (worn)
 s - a +0 pair of gloves (worn)
Jewellery
 g - a +3 ring of evasion (left hand)
 j - a ring of magical power (right hand)
Wands
 t - a wand of draining (9/15)
Scrolls
 c - 2 scrolls of enchant armour {unknown}
 d - a scroll of amnesia {unknown}
 f - 2 scrolls of teleportation {unknown}
 h - 6 scrolls of remove curse {unknown}
 i - 3 scrolls of recharging {unknown}
 k - 4 scrolls of identify {unknown}
 n - a scroll of enchant weapon {unknown}
 p - 2 scrolls of fog {unknown}
 q - 2 scrolls of magic mapping {unknown}
Potions
 a - a potion of magic {unknown}
 e - 2 potions of ambrosia {unknown}
 l - 2 potions of haste {unknown}
 m - 2 potions of curing {unknown}
 u - a potion of might {unknown}
 v - a potion of agility {unknown}
 w - a potion of resistance
Comestibles
 b - 2 bread rations


   Skills:
 + Level 5.0 Fighting
 + Level 3.2 Armour
 + Level 4.4 Dodging
 - Level 2.4 Stealth
 * Level 7.2 Unarmed Combat


You had 7 spell levels left.
You didn't know any spells.

Dungeon Overview and Level Annotations

Branches:
Dungeon (5/15)
 Temple: D:4-7

Altars:
Gozag

Annotations:
D:5 Azru's ghost, novice OgCj


Innate Abilities, Weirdness & Mutations

You have razor-sharp teeth.
You heal very quickly.
When hurt, damage is shared between your health and your magic reserves.
Your bite disrupts and absorbs the magic of your enemies.
Potions and wands cannot restore your health.
You are immune to rotting.


Message History

You are too injured to fight recklessly!
You are too injured to fight recklessly!
You are too injured to fight recklessly!
You are too injured to fight recklessly!
You are too injured to fight recklessly!
You are too injured to fight recklessly!
You are too injured to fight recklessly!
You hit Azru's ghost.
Azru's ghost is severely damaged.
Azru's ghost hits you!!
* * * LOW HITPOINT WARNING * * *
Azru's ghost gestures at you while chanting.
The magic dart hits you!
* * * LOW HITPOINT WARNING * * *
Azru's ghost gestures at you while chanting.
The magic dart hits you!
* * * LOW HITPOINT WARNING * * *
Azru's ghost points at you and mumbles some strange words.
The magic dart hits you!
You die...

############
#....@...W.# #######
#.########<#
.....####.# #.#
.........# #.#
#######.####.# #.#
............(# #.#
##.#.#######.# #.# #
#.# ##.########.# #
#.######.........#.#


You could see Azru's ghost.

Vanquished Creatures
  Pikel (D:4)
  The ghost of Proton the Ruffian, an amateur VSMo of Qazlal (D:4)
  2 ogres
  A necrophage (D:5)
  A big kobold (D:5)
  An orc wizard (D:4)
  A centaur skeleton (D:5)
  A hound (D:5)
  A worker ant (D:4)
  3 gnolls (D:3)
  4 adders
  A shadow imp (D:5)
  An ooze (D:3)
  An adder zombie (D:5)
  2 adder skeletons (D:4)
  A worm (D:3)
  6 giant geckos
  3 orcs
  7 hobgoblins
  20 jackals
  A quokka (D:5)
  9 bats
  2 giant cockroaches (D:3)
  A giant gecko skeleton (D:4)
  5 giant newts
  5 goblins
  17 kobolds
  A quokka zombie (D:4)
  9 rats
109 creatures vanquished.

Vanquished Creatures (others)
  An orc (D:4)
1 creature vanquished.

Grand Total: 110 creatures vanquished

Notes
Turn   | Place    | Note
--------------------------------------------------------------
     0 | D:1      | Proton the Vine Stalker Monk began the quest for the Orb.
     0 | D:1      | Reached XP level 1. HP: 11/11 MP: 2/2
    76 | D:1      | Reached XP level 2. HP: 11/16 MP: 3/3
   243 | D:1      | Reached XP level 3. HP: 18/20 MP: 4/4
  1214 | D:2      | Reached skill level 1 in Armour
  1214 | D:2      | Reached XP level 4. HP: 21/24 MP: 5/5
  1570 | D:3      | Found an opulent altar of Gozag.
  1665 | D:4      | Noticed Proton's ghost (amateur VSMo)
  1692 | D:5      | Entered Level 5 of the Dungeon
  1698 | D:5      | Noticed a necrophage
  1756 | D:5      | Killed a necrophage
  1756 | D:5      | Reached skill level 5 in Unarmed Combat
  1756 | D:5      | Reached XP level 5. HP: 23/28 MP: 6/6
  1799 | D:5      | Got a distressingly furry cloak
  1805 | D:5      | Identified the +1 cloak "Saof" {rElec rF- Dex+8 SInv} (You found it on level 5 of the Dungeon)
  1949 | D:4      | Gained mutation: You heal very quickly. [Vine Stalker growth]
  1949 | D:4      | Reached XP level 6. HP: 31/33 MP: 7/7
  2458 | D:4      | Killed Proton's ghost
  2729 | D:4      | Noticed Pikel
  2748 | D:4      | Killed Pikel
  2748 | D:4      | Reached skill level 6 in Unarmed Combat
  2748 | D:4      | Reached XP level 7. HP: 31/38 MP: 8/8
  2748 | D:4      | Gained mutation: You have razor-sharp teeth. [Vine Stalker growth]
  2748 | D:4      | Reached XP level 8. HP: 34/42 MP: 9/9
  3057 | D:5      | Reached skill level 7 in Unarmed Combat
  3153 | D:5      | Reached skill level 5 in Fighting
  3155 | D:5      | Noticed Azru's ghost (novice OgCj)
  3278 | D:5      | HP: 1/43 [Azru's ghost/magic dart (3)]
  3279 | D:5      | Killed from afar by Azru's ghost

Vault maps used:
D:1:      minmay_arrival_open_corners
D:3:      grunt_gozag_breadcrumbs, first_bread
D:4:      uniq_pikel

Action                   |  1- 3 |  4- 6 |  7- 9 || total
-------------------------+-------+-------+-------++-------
Melee: Unarmed           |   126 |   181 |    67 ||   374
 Stab: Sleeping          |     5 |     5 |     1 ||    11
       Distracted        |       |     1 |     1 ||     2
  Eat: Meat ration       |       |     1 |       ||     1
       Bread ration      |       |     1 |       ||     1
